 Dungeon Crawl Stone Soup version 0.24-a0-243-g8f5f5cd (webtiles) character file.

Game seed: 6845056330513343200

2 Gunnerkreig the Magician (level 1, 0/11 HPs)
             Began as an Octopode Wizard on Apr 9, 2019.
             Slain by a dart slug (1 damage)
             ... on level 1 of the Dungeon.
             The game lasted 00:00:57 (81 turns).

Gunnerkreig the Magician (Octopode Wizard)            Turns: 81, Time: 00:00:58

Health: 0/11       AC:  1    Str:  6    XL:     1   Next: 40%
Magic:  1/4        EV: 13    Int: 20    God:
Gold:   0          SH:  0    Dex: 10    Spells: 5/6 levels left

rFire    . . .     SeeInvis .   b - +0 dagger
rCold    . . .     Gourm    .   (no shield)
rNeg     . . .     Faith    .   a - +0 hat
rPois    .         Spirit   .   (no amulet)
rElec    .         Reflect  .   (no ring)
rCorr    .         Harm     .   (no ring)
MR       .....                  (no ring)
Stlth    +++.......             (no ring)
HPRegen  0.03/turn              (no ring)
MPRegen  0.09/turn              (no ring)
                                (no ring)
                                (no ring)

@: very slightly contaminated
A: almost no armour, stealthy swim, amphibious, 8 rings, constrict 8, camouflage
1, gelatinous body 1
a: no special abilities


You were on level 1 of the Dungeon.
You were not hungry.

You visited 1 branch of the dungeon, and saw 1 of its levels.

Inventory:

Hand Weapons
 b - a +0 dagger (weapon)
Armour
 a - a +0 hat (worn)
Comestibles
 c - a ration


   Skills:
 - Level 2.0 Dodging
 + Level 2.8 Stealth
 - Level 3.0 Spellcasting
 * Level 1.2 Conjurations
   Level 1.0 Summonings
   Level 1.0 Translocations


You had 5 spell levels left.
You knew the following spells:

 Your Spells              Type           Power        Failure   Level  Hunger
a - Magic Dart            Conj           #...         9%          1    None

Your spell library contained the following spells:

 Spells                   Type           Power        Failure   Level  Hunger
 Blink                    Tloc           N/A          14%         2    ##.....
 Call Imp                 Summ           #.......     14%         2    ##.....
 Slow                     Hex            #.......     22%         2    ##.....
 Conjure Flame            Conj/Fire      #.......     32%         3    ###....
 Mephitic Cloud           Conj/Pois/Air  #.......     34%         3    ###....


Dungeon Overview and Level Annotations

Branches:
Dungeon (1/15)

Altars:


Innate Abilities, Weirdness & Mutations

You cannot wear most types of armour.
You are very stealthy in the water. (Stealth+)
You are amphibious.
You can wear up to eight rings at the same time.
You can use your tentacles to constrict eight enemies at once.
Your skin changes colour to match your surroundings (Stealth+).
Your rubbery body absorbs attacks. (AC +1, EV +1)


Message History

The magic dart hits the dart slug.
The dart slug is heavily wounded.
The dart slug launches a dart at you. The slug dart hits you.
Ouch! That really hurt!
Casting: Magic Dart (safe; 9% risk of failure)
Confirm with . or Enter, or press ? or * to list all spells.
You don't have enough magic to cast that spell.
Sorry, you're not good enough to have a special ability.
Unknown command.
You start resting.
The dart slug is too close now for your liking.
The dart slug launches a dart at you. The slug dart hits you.
* * * LOW HITPOINT WARNING * * *
You hit the dart slug but do no damage. You grab the dart slug.
The dart slug is heavily wounded.
You constrict the dart slug, but do no damage.
The dart slug bites you.
You die...

#.# #.# #.# #.# #.#
##########.#######
#.....†..........####
#.######...w........#
#.# #.#@###.#.w...
#.######.#.# ... ...
#..........# .#... .
#.#.####.#.# ......#
#.###.###.... ## .###
##.# ##.##.#.#.. .
#.# ##........ ..
##.# ##.#..#.#...
#.###.##..... ...


You could see a dart slug.

Vanquished Creatures
  2 goblins (D:1)
2 creatures vanquished.

Notes
Turn   | Place    | Note
-------+----------+-------------------------------------------
     0 | D:1      | Gunnerkreig the Octopode Wizard began the quest for the
                  | Orb.
     0 | D:1      | Reached XP level 1. HP: 11/11 MP: 4/4
    81 | D:1      | Slain by a dart slug

Levels and vault maps discovered:
D:1:      nzn_arrival_crosshair, layout_loops_ring

Action                   || total
-------------------------++-------
Melee: Dagger            ||     1
       Constrict         ||     1
 Cast: Magic Dart        ||     6

Table legend:
 A = Non-vault XP
 B = Vault XP
 C = Vault XP percentage of total XP
 D = Non-vault monster count
 E = Vault monster count
 F = Vault count percentage of total count
                 A         B        C        D         E       F
            +---------+---------+-------+---------+---------+-------
      Total |       4 |       0 |   0.0 |       2 |       0 |   0.0
            +---------+---------+-------+---------+---------+-------
        D:1 |       4 |       0 |   0.0 |       2 |       0 |   0.0
            +---------+---------+-------+---------+---------+-------
